 Dungeon Crawl Stone Soup version 0.17-a0-1447-g3d113ad (webtiles) character file.

85 Chiseanne the Ducker (level 4, -2/26 HPs)
             Began as a Kobold Transmuter on June 29, 2015.
             Was an Initiate of Kikubaaqudgha.
             Killed by nerve-wracking pain
             ... invoked by an orc priest
              (9 damage)
             ... on level 3 of the Dungeon.
             The game lasted 00:06:59 (2042 turns).

Chiseanne the Ducker (Kobold Transmuter)            Turns: 2042, Time: 00:06:59

Health: -2/26      AC:  5    Str:  8    XL:     4   Next: 75%
Magic:  7/7        EV: 15    Int: 12    God:    Kikubaaqudgha [......]
Gold:   146        SH:  0    Dex: 16    Spells: 3 memorised, 1 level left

rFire  . . .     SeeInvis .     a - +0 rapier
rCold  . . .     Clarity  .     f - +0 leather armour
rNeg   . . .     SustAt   .     (shield restricted)
rPois  .         Gourm    .     (no helmet)
rElec  .         Spirit   .     (no cloak)
rCorr  .         Warding  .     g - +1 pair of gloves
rMut   .         Stasis   .     (no boots)
MR     .....                    (no amulet)
Stlth  +.........               (no ring)
                                (no ring)

@: invisible, not resistant to hostile enchantments, very unstealthy
A: carnivore 3
a: Renounce Religion


You were on level 3 of the Dungeon.
You worshipped Kikubaaqudgha.
Kikubaaqudgha was noncommittal.
You were completely stuffed.

You visited 1 branch of the dungeon, and saw 3 of its levels.

You collected 146 gold pieces.

Inventory:

Hand weapons
 a - a +0 rapier (weapon)
 s - a +0 hand axe
 u - a +2 dagger of freezing
 w - a cursed +0 blowgun
Missiles
 e - 7 needles of confusion
 h - 24 bolts
 k - 13 arrows of frost
 m - 19 poisoned needles
 t - 29 arrows
Armour
 f - a +0 leather armour (worn)
 g - a +1 pair of gloves (worn)
 i - a +0 ring mail
 n - a +0 buckler
Jewellery
 j - an uncursed ring of protection from fire {unknown}
 r - an uncursed ring of flight {unknown}
Scrolls
 q - a scroll of teleportation
Potions
 b - a potion of flight {unknown}
 o - a potion of might {unknown}
 p - 2 potions of degeneration {unknown}
Books
 c - a book of Changes

   Spells                             Type                      Level
   a - Beastly Appendage              Transmutation                1
   b - Sticks to Snakes               Transmutation                2
   c - Spider Form                    Transmutation/Poison         3
   d - Ice Form                       Ice/Transmutation            4
   e - Blade Hands                    Transmutation                5
Comestibles
 d - 2 meat rations


   Skills:
 + Level 2.0 Fighting
 * Level 1.4 Armour
 + Level 3.2 Dodging
 - Level 3.0 Unarmed Combat
 + Level 2.3 Spellcasting
 + Level 2.4 Transmutations


You had one spell level left.
You knew the following spells:

 Your Spells              Type           Power        Failure   Level  Hunger
a - Beastly Appendage     Trmt           #.....       14%         1    ##.....
b - Sticks to Snakes      Trmt           #.........   21%         2    ###....
c - Spider Form           Trmt/Pois      #.........   77%         3    ####...


Dungeon Overview and Level Annotations

Branches:
Dungeon (3/15)

Altars:
Kikubaaqudgha
Xom
Zin


Innate Abilities, Weirdness & Mutations

You are small and have problems with some larger weapons.
You are carnivorous and can eat meat at any time.


Message History

You hit the orc wizard.
The orc wizard is severely wounded.
Your horns disappear.
The orc wizard hits you with a dagger of freezing.
The orc wizard freezes you.
You puncture the orc wizard!
You kill the orc wizard!
Kikubaaqudgha accepts your kill.
Your Fighting skill increases to level 2!
Things that are here:
a dagger of freezing; a robe
u - a dagger of freezing The orc priest hits you with a war axe.
* * * LOW HITPOINT WARNING * * *
Drink which item? (? for menu, Esc to quit)
You fade into invisibility!
The orc priest invokes the aid of Beogh against you.
Pain shoots through your body!
You die...
Kikubaaqudgha rasps: "You have failed me!
Welcome... death!"

#.....>..##...##.
##......##.....##
#....###.......#
#.####....._...#
########.####.#.......#
#........##...##.....##
#...........#####...##.
#.....o..#### #.#####..
#.....@.## #......>.
#.......# ##.##...#
#.......# #........
######### #..##.<##
#####.## ###


You could see an orc priest.

Vanquished Creatures
  An orc wizard (D:3)
  2 adders
  6 bats
  2 giant cockroaches (D:3)
  4 hobgoblins
  3 kobolds
  A ball python (D:1)
  A giant newt (D:3)
  5 goblins
  4 rats
29 creatures vanquished.

Vanquished Creatures (collateral kills)
  2 adders (D:2)
2 creatures vanquished.

Grand Total: 31 creatures vanquished

Notes
Turn   | Place    | Note
--------------------------------------------------------------
     0 | D:1      | Chiseanne the Kobold Transmuter began the quest for the Orb.
     0 | D:1      | Reached XP level 1. HP: 12/12 MP: 3/3
   402 | D:1      | Reached XP level 2. HP: 16/16 MP: 5/5
   406 | D:1      | Learned a level 2 spell: Sticks to Snakes
   866 | D:2      | Found a faded altar to an unknown god.
   934 | D:2      | Reached XP level 3. HP: 17/20 MP: 6/6
   948 | D:2      | Learned a level 3 spell: Spider Form
   967 | D:2      | Reached skill level 1 in Armour
  1452 | D:2      | Found a glowing silver altar of Zin.
  1452 | D:2      | Found a shimmering altar of Xom.
  1452 | D:2      | Noticed an angel
  1855 | D:3      | Reached XP level 4. HP: 17/26 MP: 1/7
  1974 | D:3      | Found an ancient bone altar of Kikubaaqudgha.
  2000 | D:3      | Became a worshipper of Kikubaaqudgha
  2042 | D:3      | Killed from afar by an orc priest

Vault maps used:
D:1:      dpeg_arrival_rooms_b
D:2:      grunt_temple_overflow_order_and_chaos_1, first_bread,
          ecumenical_altar_2, kennysheep_generic_room_16
D:3:      lemuel_round_altar

Action                   |  1- 3 |  4- 6 || total
-------------------------+-------+-------++-------
Melee: Hand axe          |    87 |       ||    87
       Unarmed           |     1 |       ||     1
       Rapier            |    11 |    12 ||    23
 Cast: Beastly Appendage |     9 |     2 ||    11
       Sticks to Snakes  |     6 |       ||     6
  Use: Scroll            |     4 |       ||     4
       Potion            |     2 |     1 ||     3
 Stab: Sleeping          |     2 |       ||     2
       Invisible         |     2 |       ||     2
  Eat: Chunk             |    11 |     2 ||    13
